 Dungeon Crawl Stone Soup version 0.31-a0-1412-g7b7c7d10e1 (webtiles) character file.

Game seed: 13818628638839411323

5995 Liado the Blocker (level 10, -1/82 HPs)
             Began as a Gnoll Fighter on Dec 26, 2023.
             Was a Priest of Vehumet.
             Slain by a wyvern (4 damage)
             ... while petrified by a basilisk
             ... on level 1 of the Lair of Beasts.
             The game lasted 00:30:28 (8944 turns).

Liado the Blocker (Gnoll Fighter)                   Turns: 8944, Time: 00:30:29

Health: -1/82      AC: 14    Str: 16    XL:     10   Next: 85%
Magic:  16/18      EV:  2    Int: 17    God:    Vehumet [***...]
Gold:   592        SH:  0    Dex: 11    Spells: 12/20 levels left

rFire   . . .        h - +3 flail (protect)
rCold   + . .        c - +2 buckler
rNeg    + + +        b - +0 scale mail
rPois   ∞            (no helmet)
rElec   .            p - +1 cloak
rCorr   .            (no gloves)
SInv    .            m - +2 pair of boots
Will    .....        r - amulet of Danesm {Acrobat Harm rPois Regen+}
Stlth   ++           d - ring "Qeosokk" {rC+ rN+ Int+5}
HPRegen 1.13/turn    n - +4 ring of slaying
MPRegen 0.16/turn

%: harm (+30% outgoing, +20% incoming), acrobat
@: petrified, frozen, very slow
A: fangs 1, strong nose, distributed training
a: Renounce Religion


You were on level 1 of the Lair of Beasts.
You worshipped Vehumet.
Vehumet was most pleased with you.
You visited 3 branches of the dungeon, and saw 12 of its levels.

You collected 1259 gold pieces.
You spent 667 gold pieces at shops.

Inventory:

Hand Weapons
 h - a +3 flail of protection (weapon)
 y - the +6 flail of Alaahurgh {vamp, Dex+2}
   (You found it on level 6 of the Dungeon)

   Dex+2:     It affects your dexterity (+2).
Missiles
 k - 10 boomerangs (quivered)
 B - 4 throwing nets
Armour
 b - a +0 scale mail (worn)
 c - a +2 buckler (worn)
 m - a +2 pair of boots (worn)
 p - a +1 cloak (worn)
Magical Staves
 F - a staff of air
Jewellery
 d - the ring "Qeosokk" (left hand) {rC+ rN+ Int+5}
   (You bought it in a shop on level 6 of the Dungeon)

   [ring of positive energy]

   Int+5:     It affects your intelligence (+5).
   rC+:       It protects you from cold.
   rN+:       It protects you from negative energy.
 g - an amulet of faith
 i - a ring of poison resistance
 n - a +4 ring of slaying (right hand)
 r - the amulet of Danesm (around neck) {Acrobat Harm rPois Regen+}
   (You found it on level 8 of the Dungeon)

   [amulet of the acrobat]

   Acrobat:   It increases your evasion while moving and waiting.
   rPois:     It protects you from poison Regen+: It increases your rate of
   health regeneration.
   Harm:      It increases damage dealt and taken.
 A - a +6 ring of strength
Talismans
 D - a maw talisman
Wands
 e - a wand of iceblast (13)
 o - a wand of polymorph (25)
 s - a wand of charming (15)
 C - a wand of quicksilver (8)
 E - a wand of flame (22)
Scrolls
 f - 2 scrolls of amnesia
 j - a scroll of noise
 u - 2 scrolls of fog
 v - 2 scrolls of poison
 w - 2 scrolls of blinking
Potions
 a - a potion of attraction
 l - a potion of magic
 q - a potion of cancellation
 t - a potion of invisibility
 x - 3 potions of curing
 z - 2 potions of berserk rage
 G - a potion of lignification {unknown}


   Skills:
 + Level 8.9 Fighting
 + Level 5.9 Short Blades
 + Level 5.9 Long Blades
 + Level 7.5 Axes
 + Level 5.9 Maces & Flails
 + Level 5.9 Polearms
 + Level 5.9 Staves
 + Level 5.9 Ranged Weapons
 + Level 5.9 Throwing
 + Level 8.9 Armour
 + Level 5.9 Dodging
 + Level 5.9 Stealth
 + Level 8.9 Shields
 + Level 5.9 Unarmed Combat
 + Level 5.9 Spellcasting
 + Level 4.8 Conjurations
 + Level 4.8 Hexes
 + Level 4.8 Summonings
 + Level 4.8 Necromancy
 + Level 4.8 Translocations
 + Level 4.8 Fire Magic
 + Level 4.8 Ice Magic
 + Level 4.8 Air Magic
 + Level 4.8 Earth Magic
 + Level 4.8 Alchemy
 + Level 6.4 Invocations
 + Level 5.9 Evocations
 + Level 5.3 Shapeshifting


You had 12 spell levels left.
You knew the following spells:

 Your Spells              Type           Power      Damage    Failure   Level
a - Inner Flame           Hex/Fire       21%        N/A       5%          3
b - Mercury Vapours       Alch/Air       42%        N/A       2%          2
c - Mephitic Cloud        Conj/Alch/Air  21%        N/A       5%          3

Your spell library contained the following spells:

 Spells                   Type           Power      Damage    Failure   Level
 Summon Guardian Golem    Hex/Summ       21%        N/A       19%         3
 Freezing Cloud           Conj/Ice/Air   10%        6-21      38%         5
 Orb of Destruction       Conj           10%        9d6       100%        7
 Spellforged Servitor     Conj/Summ      10%        N/A       100%        7


Dungeon Overview and Level Annotations

Branches:
Dungeon (10/15)            Temple (1/1) D:4            Lair (1/5) D:8
    Orc: D:9-12

Altars:
Ashenzari
Elyvilon
Fedhas
Gozag
Hepliaklqana
Kikubaaqudgha
Makhleb
Nemelex Xobeh
Okawaru
Qazlal
Ru
Trog
Uskayaw
Vehumet
Wu Jian
Xom
Yredelemnul
Zin
The Shining One

Shops:
D:6 =   D:8 *


Innate Abilities, Weirdness & Mutations

You have very sharp teeth.
Your uncanny sense of smell can sniff out nearby items.
Your experience applies equally to all skills.


Message History

You are encased in ice.
The cane toad stings you! The wyvern bites you. x2
The basilisk gazes at you. x2
The rime drake bites you.
* * * LOW HITPOINT WARNING * * *
The cane toad stings you.
* * * LOW HITPOINT WARNING * * *
The wyvern bites you but does no damage.
The wyvern bites you.
* * * LOW HITPOINT WARNING * * *
The wyvern bites you.
* * * LOW HITPOINT WARNING * * *
The wyvern bites you.
* * * LOW HITPOINT WARNING * * *
The rime drake bites you but does no damage.
The cane toad stings you.
* * * LOW HITPOINT WARNING * * *
The catoblepas breathes a plume of calcifying dust at you.
The blast of calcifying dust hits the rime drake.
The blast of calcifying dust hits you.
* * * LOW HITPOINT WARNING * * *
The basilisk bites you but does no damage.
The basilisk gazes at you. You resist with some effort.
You are engulfed in calcifying dust.
The wyvern bites you.
* * * LOW HITPOINT WARNING * * *
The wyvern bites you!
* * * LOW HITPOINT WARNING * * *
The rime drake bites you but does no damage.
The rime drake is engulfed in calcifying dust.
The rime drake is moving more slowly.
The rime drake bites you but does no damage.
The cane toad stings you but does no damage.
The cane toad is engulfed in calcifying dust.
The cane toad is moving more slowly.
The basilisk bites you but does no damage.
The basilisk gazes at you. The wyvern bites you!
You die...

### # ♣PPP♣♣♣
♣♣♣♣♣PP
.....≈≈♣≈≈.....
#.....l§l.....♣
♣.≈k@k#
#..Fkk..≈♣
#...>F>...≈♣
♣≈...........#
≈....≈≈≈≈≈....#
♣♣♣♣..≈Y≈..♣♣♣♣
#♣.....♣#
...♣...


You could see 2 cane toads, 2 basilisks, 2 rime drakes and 2 wyverns.

Vanquished Creatures
  A hornet (D:7)
  Grinder (D:2)
  Sigmund (D:4)
  4 yaks (D:8)
  Eustachio (D:4)
  3 wyverns
  Edmund (D:4)
  An acid dragon (D:8)
  2 water moccasins (D:8)
  A sky beast (D:7)
  3 ice beasts
  An orc warrior (D:8)
  2 black bears
  3 centaurs
  2 phantoms
  3 kobold brigands
  6 bullfrogs
  2 gnoll sergeants
  2 scorpions
  13 wights
  6 killer bees (D:7)
  3 howler monkeys
  3 electric eels (D:8)
  2 bombardier beetles (D:4)
  2 centaur zombies (D:9)
  A jelly (D:7)
  2 orc priests (D:3)
  2 gnoll boudas
  Ijyb (D:4)
  3 iguanas
  A sleepcap (D:5)
  2 orc wizards
  5 adders
  22 gnolls
  3 shadow imps
  A white imp (D:8)
  2 worms (D:3)
  2 dart slugs (D:2)
  16 orcs
  6 ball pythons
  10 endoplasms
  2 giant cockroaches
  5 goblins
  6 hobgoblins
  6 jackals
  3 quokkas
  4 bats
  A frilled lizard (D:2)
  18 kobolds
  6 rats
199 creatures vanquished.

Notes
Turn   | Place    | Note
-------+----------+-------------------------------------------
     0 | D:1      | Liado the Gnoll Fighter began the quest for the Orb.
     0 | D:1      | Reached XP level 1. HP: 23/23 MP: 1/1
   221 | D:1      | Reached XP level 2. HP: 29/29 MP: 2/2
   292 | D:1      | Found a faded altar of an unknown god.
  1077 | D:2      | Reached XP level 3. HP: 28/35 MP: 2/4
  1186 | D:2      | Reached skill level 1 in Invocations
  1574 | D:2      | Reached skill level 1 in Short Blades
  1574 | D:2      | Reached skill level 1 in Long Blades
  1574 | D:2      | Reached skill level 1 in Maces & Flails
  1574 | D:2      | Reached skill level 1 in Polearms
  1574 | D:2      | Reached skill level 1 in Staves
  1574 | D:2      | Reached skill level 1 in Ranged Weapons
  1574 | D:2      | Reached skill level 1 in Throwing
  1574 | D:2      | Reached skill level 1 in Dodging
  1574 | D:2      | Reached skill level 1 in Stealth
  1574 | D:2      | Reached skill level 1 in Unarmed Combat
  1574 | D:2      | Reached skill level 1 in Spellcasting
  1574 | D:2      | Reached skill level 1 in Evocations
  1783 | D:3      | Reached skill level 1 in Shapeshifting
  1783 | D:3      | Reached XP level 4. HP: 37/41 MP: 5/5
  1963 | D:3      | Reached skill level 1 in Conjurations
  1963 | D:3      | Reached skill level 1 in Hexes
  1963 | D:3      | Reached skill level 1 in Summonings
  1963 | D:3      | Reached skill level 1 in Necromancy
  1963 | D:3      | Reached skill level 1 in Translocations
  1963 | D:3      | Reached skill level 1 in Fire Magic
  1963 | D:3      | Reached skill level 1 in Ice Magic
  1963 | D:3      | Reached skill level 1 in Air Magic
  1963 | D:3      | Reached skill level 1 in Earth Magic
  1963 | D:3      | Reached skill level 1 in Alchemy
  2609 | D:3      | Reached XP level 5. HP: 44/47 MP: 5/7
  2858 | D:4      | Noticed Sigmund
  2922 | D:4      | Reached skill level 5 in Axes
  2922 | D:4      | Reached XP level 6. HP: 39/53 MP: 7/9
  2977 | D:4      | Noticed Edmund
  2985 | D:4      | Killed Edmund
  3037 | D:4      | Killed Sigmund
  3038 | D:4      | Reached XP level 7. HP: 54/60 MP: 10/10
  3098 | D:4      | Noticed Eustachio
  3128 | D:4      | Killed Eustachio
  3272 | D:4      | Found a staircase to the Ecumenical Temple.
  3282 | Temple   | Entered the Ecumenical Temple
  3310 | Temple   | Became a worshipper of Vehumet
  3497 | D:4      | Noticed Ijyb
  3500 | D:4      | Noticed Grinder
  3679 | D:3      | Paralysed by Grinder for 4 turns
  3807 | D:2      | Paralysed by Grinder for 2 turns
  3811 | D:2      | Killed Grinder
  3812 | D:2      | Reached XP level 8. HP: 51/67 MP: 12/12
  3914 | D:4      | Killed Ijyb
  4110 | D:5      | Entered Level 5 of the Dungeon
  4637 | D:5      | Reached * piety under Vehumet
  4637 | D:5      | Offered knowledge of Freeze by Vehumet.
  4816 | D:6      | Reached XP level 9. HP: 25/71 MP: 14/14
  5271 | D:6      | Identified the +6 flail of Alaahurgh {vamp, Dex+2}
  5667 | D:6      | Found an ornate altar of the Wu Jian Council.
  5735 | D:6      | Found Nuiphih's Jewellery Shoppe.
  5991 | D:7      | Reached skill level 5 in Invocations
  6449 | D:7      | You fall into a shaft and drop 3 floors!
  6449 | D:10     | Entered Level 10 of the Dungeon
  6569 | D:9      | Reached ** piety under Vehumet
  6579 | D:9      | Offered knowledge of Static Discharge by Vehumet.
  6643 | D:9      | Reached skill level 5 in Short Blades
  6643 | D:9      | Reached skill level 5 in Long Blades
  6643 | D:9      | Reached skill level 5 in Maces & Flails
  6643 | D:9      | Reached skill level 5 in Polearms
  6643 | D:9      | Reached skill level 5 in Staves
  6643 | D:9      | Reached skill level 5 in Ranged Weapons
  6643 | D:9      | Reached skill level 5 in Throwing
  6643 | D:9      | Reached skill level 5 in Dodging
  6643 | D:9      | Reached skill level 5 in Stealth
  6643 | D:9      | Reached skill level 5 in Unarmed Combat
  6643 | D:9      | Reached skill level 5 in Spellcasting
  6643 | D:9      | Reached skill level 5 in Evocations
  6654 | D:9      | Reached XP level 10. HP: 67/81 MP: 17/17
  7488 | D:8      | Found a white marble altar of Elyvilon.
  7577 | D:8      | Offered knowledge of Inner Flame by Vehumet.
  7889 | D:8      | Learned a level 3 spell: Inner Flame
  7959 | D:8      | Identified the amulet of Danesm {Acrobat Harm rPois Regen+}
  7976 | D:8      | Learned a level 2 spell: Mercury Vapours
  7994 | D:8      | Found Hogem's Neck Hole.
  8061 | D:8      | Reached skill level 5 in Shapeshifting
  8131 | D:8      | Reached *** piety under Vehumet
  8145 | D:8      | Identified a scroll of acquirement
  8145 | D:8      | Acquired 855 gold pieces
  8229 | D:6      | Bought the ring "Qeosokk" {rC+ rN+ Int+5} for 667 gold
                  | pieces
  8235 | D:6      | Learned a level 3 spell: Mephitic Cloud
  8367 | D:8      | Found a staircase to the Lair.
  8397 | D:8      | Found a sparkling altar of Nemelex Xobeh.
  8933 | Lair:1   | Entered Level 1 of the Lair of Beasts
  8933 | Lair:1   | Noticed a cane toad
  8933 | Lair:1   | Noticed a catoblepas
  8939 | Lair:1   | Noticed a cane toad
  8944 | Lair:1   | HP: 3/82 [wyvern (7)]
  8944 | Lair:1   | Slain by a wyvern

Illustrated notes

Levels and vault maps discovered:
D:1:      minmay_arrival_stair_chambers, layout_loops_ring,
          shapermc_ecumenical_altar_notcrosses
D:2:      layout_loops_cross, minmay_puff
D:3:      layout_basic, kennysheep_generic_room_5
D:4:      nicolae_cairo_tiling, layout_rooms, lemuel_temple_firewalk_b,
          uniq_grinder, uniq_sigmund, uniq_edmund, uniq_eustachio, uniq_ijyb
D:5:      layout_gridville
D:6:      layout_basic, nicolae_wu_jian_immortal_techniques, serial_shops, shop
D:7:      layout_layer_cave
D:8:      minmay_octagon_keep, layout_basic, mainiacjoe_overflow_24_doors,
          mainiacjoe_overflow_small_starburst, hex_tiny,
          nicolae_shop_sticking_my_neck_out
D:9:      layout_roguey, serial_undead, serial_undead_c, serial_undead_f,
          serial_undead_f, serial_undead_d, serial_undead_d, serial_undead_a,
          serial_undead_a, serial_undead_b
D:10:     cheibrodos_ideogram_h, layout_irregular_city, minitemple
Temple:   nicolae_temple_bog_church
Lair:1:   regret_index_malice_mire, layout_concentric_octagons,
          infiniplex_staircase_pool, uniq_fannar

Skill      XL: |  1  2  3  4  5  6  7  8  9 10 |
---------------+-------------------------------+-----
Invocations    | 1 2 3 4 5 6 |  6.4
Short Blades   | 1 2 3 5 |  5.9
Long Blades    | 1 2 3 5 |  5.9
Maces & Flails | 1 2 3 5 |  5.9
Polearms       | 1 2 3 5 |  5.9
Staves         | 1 2 3 5 |  5.9
Ranged Weapons | 1 2 3 5 |  5.9
Throwing       | 1 2 3 5 |  5.9
Dodging        | 1 2 3 5 |  5.9
Stealth        | 1 2 3 5 |  5.9
Unarmed Combat | 1 2 3 5 |  5.9
Spellcasting   | 1 2 3 5 |  5.9
Evocations     | 1 2 3 5 |  5.9
Shapeshifting  | 1 2 3 4 5 |  5.3
Conjurations   | 1 2 3 4 |  4.8
Hexes          | 1 2 3 4 |  4.8
Summonings     | 1 2 3 4 |  4.8
Necromancy     | 1 2 3 4 |  4.8
Translocations | 1 2 3 4 |  4.8
Fire Magic     | 1 2 3 4 |  4.8
Ice Magic      | 1 2 3 4 |  4.8
Air Magic      | 1 2 3 4 |  4.8
Earth Magic    | 1 2 3 4 |  4.8
Alchemy        | 1 2 3 4 |  4.8
Axes           | 5 6 7 |  7.5
Fighting       | 7 8 |  8.9
Armour         | 7 8 |  8.9
Shields        | 7 8 |  8.9

Action                     |  1- 3 |  4- 6 |  7- 9 | 10-12 || total
---------------------------+-------+-------+-------+-------++-------
  Melee: War axe           |    92 |    92 |       |       ||   184
         Bite              |     7 |     7 |    41 |    20 ||    75
         Flail             |       |     4 |   334 |   133 ||   471
  Throw: Boomerang         |       |       |    39 |    31 ||    70
   Cast: Mercury Vapours   |       |       |       |     4 ||     4
  Evoke: Wand              |       |       |     3 |       ||     3
    Use: Scroll            |       |     8 |     7 |     6 ||    21
         Potion            |       |     4 |     1 |     3 ||     8
   Stab: Sleeping          |       |       |     1 |       ||     1
 Armour: Scale mail        |    63 |    85 |   211 |   147 ||   506
         Skin              |       |       |    33 |       ||    33
  Dodge: Dodged            |    61 |    20 |   146 |    66 ||   293
  Block: Buckler           |    28 |    22 |   154 |    49 ||   253

Table legend: (Time is in decaauts)
 A = Elapsed time spent in this place.
 B = Non-inter-level travel time spent in this place.
 C = Inter-level travel time spent in this place.
 D = Time resting spent in this place.
 E = Time spent auto-exploring this place.
 F = Levels seen in this place.
 G = Mean time per level.
                   A        B        C        D        E       F      G
               +--------+--------+--------+--------+--------+-----+--------+
         Total |   9102 |   8390 |    712 |   1433 |   5074 |  12 |  758.5 |
       Dungeon |   9049 |   8375 |    674 |   1433 |   5074 |  10 |  904.9 |
        Temple |     42 |      4 |     38 |      0 |      0 |   1 |   42.0 |
          Lair |     11 |     11 |      0 |      0 |      0 |   1 |   11.0 |
               +--------+--------+--------+--------+--------+-----+--------+

Top non-repeatable levels by time:
     D:8: 1532 daAuts
     D:6: 1368 daAuts
     D:3: 1257 daAuts
     D:4: 1120 daAuts
     D:2: 1001 daAuts
     D:1: 956 daAuts
     D:7: 884 daAuts
     D:5: 632 daAuts
     D:9: 198 daAuts
    D:10: 99 daAuts
  Temple: 42 daAuts
  Lair:1: 11 daAuts
